PBL
TIJUANA TOROS @ MADISON BREWERS
09/19/2046
 
TOP OF THE 1ST
Tijuana Toros batting - Pitching for Madison Brewers : LHP Jon Ortiz
Pitching: LHP Jon Ortiz
Batting: RHB Tommy Hunter 0-0: Ball
1-0: SINGLE (Flyball, 5D, EV 91.9 MPH)
Batting: RHB Theo Schepers 0-0: Ball
1-0: Ball
2-0: SINGLE (Line Drive, 7S, EV 102.5 MPH)
Tommy Hunter to second
Batting: SHB Josh Vaill 0-0: Ball
1-0: Foul Ball, location: 2F
1-1: Ball
2-1: Ball
3-1: Swinging Strike
3-2: Grounds into double play, 6-4-3 (Groundball, 6, EV 81.2 MPH)
Tommy Hunter to third
Batting: RHB Juan Gallegos 0-0: Called Strike
0-1: Foul Ball, location: 2F
0-2: Ball
1-2: Foul Ball, location: 2F
1-2: Foul Ball, location: 2F
1-2: Ball
2-2: Strikes out swinging
Top of the 1st over - 0 runs, 2 hits, 0 errors, 1 left on base; Tijuana 0 - Madison 0
BOTTOM OF THE 1ST
Madison Brewers batting - Pitching for Tijuana Toros : LHP Adrian Huerta
Pitching: LHP Adrian Huerta
Batting: RHB Mohammed bin Ubaida 0-0: Ball
1-0: SINGLE (Flyball, 56D, EV 89.4 MPH)
Batting: LHB Alex Chairez 0-0: Fly out, F8 (Flyball, 8LD, EV 96.9 MPH)
Batting: LHB Greg Reedy 0-0: Ball
1-0: Foul Ball, location: 2F
1-1: Ball
2-1: Ball
3-1: Grounds into double play, 6-4-3 (Groundball, 6S, EV 80.0 MPH)
Bottom of the 1st over - 0 runs, 1 hit, 0 errors, 0 left on base; Tijuana 0 - Madison 0
TOP OF THE 2ND
Tijuana Toros batting - Pitching for Madison Brewers : LHP Jon Ortiz
Batting: LHB Fernão Manta 0-0: Called Strike
0-1: Called Strike
0-2: Ball
1-2: Foul Ball, location: 2F
1-2: Ball
2-2: Strikes out swinging
Batting: RHB Roberto Sotelo 0-0: Foul Ball, location: 2F
0-1: Ball
1-1: Foul Ball, location: 2F
1-2: Ground out U3 (Groundball, 34, EV 77.5 MPH)
Batting: LHB Jim Jardine 0-0: Foul Ball, location: 2F
0-1: Ball
1-1: Fly out, F7 (Line Drive, 7S, EV 91.2 MPH)
Top of the 2nd over - 0 runs, 0 hits, 0 errors, 0 left on base; Tijuana 0 - Madison 0
BOTTOM OF THE 2ND
Madison Brewers batting - Pitching for Tijuana Toros : LHP Adrian Huerta
Batting: RHB Eli Valles 0-0: Ball
1-0: Foul Ball, location: 2F
1-1: Called Strike
1-2: Ball
2-2: Ball
3-2: Base on Balls
Batting: RHB Xiao-shuang Au 0-0: Ball
1-0: Called Strike
1-1: SINGLE (Line Drive, 4M, EV 111.2 MPH)
Eli Valles to second
Batting: LHB Dusty Bryant 0-0: Ball
1-0: Ball
2-0: Ball
3-0: Base on Balls
Eli Valles to third
Xiao-shuang Au to second
Batting: RHB Lorenzo Diaz 0-0: Ball
1-0: Ground out 6-3 (Groundball, P, EV 91.9 MPH)
Eli Valles scores
Xiao-shuang Au to third
Dusty Bryant to second
Batting: RHB Malcolm McCauley 0-0: Swinging Strike
0-1: Ball
1-1: Called Strike
1-2: Foul Ball, location: 2F
1-2: Ground out 5-3 (Groundball, 56, EV 79.4 MPH)
Xiao-shuang Au scores
Batting: LHB Tony Hasbun 0-0: Swinging Strike
0-1: Foul Ball, location: 2F
0-2: Ball
1-2: Ball
2-2: Strikes out swinging
Bottom of the 2nd over - 2 runs, 1 hit, 0 errors, 1 left on base; Tijuana 0 - Madison 2
TOP OF THE 3RD
Tijuana Toros batting - Pitching for Madison Brewers : LHP Jon Ortiz
Batting: LHB Pedro Garza 0-0: Called Strike
0-1: Ball
1-1: Fly out, F7 (Flyball, 7S, EV 88.8 MPH)
Batting: RHB Kekoa Kahele 0-0: Ball
1-0: Ball
2-0: DOUBLE (Line Drive, 78XD, EV 108.8 MPH)
Batting: RHB Tommy Hunter 0-0: Ball
1-0: Ball
2-0: Ground out 6-3 (Groundball, 6, EV 83.8 MPH)
Kekoa Kahele to third
Batting: RHB Theo Schepers 0-0: Ball
1-0: Swinging Strike
1-1: Foul Ball, location: 2F
1-2: Strikes out looking
Top of the 3rd over - 0 runs, 1 hit, 0 errors, 1 left on base; Tijuana 0 - Madison 2
BOTTOM OF THE 3RD
Madison Brewers batting - Pitching for Tijuana Toros : LHP Adrian Huerta
Batting: RHB Mohammed bin Ubaida 0-0: Called Strike
0-1: Called Strike
0-2: Ball
1-2: Ball
2-2: Strikes out swinging
Batting: LHB Alex Chairez 0-0: Foul Ball, location: 2F
0-1: Ball
1-1: Called Strike
1-2: Strikes out swinging
Batting: LHB Greg Reedy 0-0: Foul Ball, location: 2F
0-1: Called Strike
0-2: SOLO HOME RUN (Flyball, 9LD, EV 98.1 MPH), Distance : 343 ft
Batting: RHB Eli Valles 0-0: Ground out 5-3 (Groundball, 56, EV 90.6 MPH)
Bottom of the 3rd over - 1 run, 1 hit, 0 errors, 0 left on base; Tijuana 0 - Madison 3
TOP OF THE 4TH
Tijuana Toros batting - Pitching for Madison Brewers : LHP Jon Ortiz
Batting: SHB Josh Vaill 0-0: Foul Ball, location: 2F
0-1: Foul Ball, location: 2F
0-2: Foul Ball, location: 2F
0-2: Ball
1-2: Ball
2-2: Foul Ball, location: 2F
2-2: SINGLE (Groundball, 25, EV 70.0 MPH) (infield hit)
Batting: RHB Juan Gallegos 0-0: Fly out, F7 (Flyball, 7, EV 91.9 MPH)
Batting: LHB Fernão Manta 0-0: Ball
1-0: Foul Ball, location: 2F
1-1: Fly out, F8 (Flyball, 8LD, EV 94.4 MPH)
Batting: RHB Roberto Sotelo 0-0: Foul Ball, location: 2F
0-1: Ball
1-1: Ball
2-1: Ball
3-1: Base on Balls
Josh Vaill to second
Batting: LHB Jim Jardine 0-0: Ball
Wild Pitch!
Josh Vaill to third
Roberto Sotelo to second
1-0: Swinging Strike
1-1: Fly out, F7 (Flyball, 7D, EV 106.9 MPH)
Top of the 4th over - 0 runs, 1 hit, 0 errors, 2 left on base; Tijuana 0 - Madison 3
BOTTOM OF THE 4TH
Madison Brewers batting - Pitching for Tijuana Toros : LHP Adrian Huerta
Batting: RHB Xiao-shuang Au 0-0: Ball
1-0: Fly out, F9 (Flyball, 9LM, EV 90.0 MPH)
Batting: LHB Dusty Bryant 0-0: Ball
1-0: Called Strike
1-1: Ball
2-1: Ball
3-1: Foul Ball, location: 2F
3-2: Foul Ball, location: 2F
3-2: Ground out 4-3 (Groundball, 34, EV 78.8 MPH)
Batting: RHB Lorenzo Diaz 0-0: Ball
1-0: Ball
2-0: Foul Ball, location: 2F
2-1: Ball
3-1: Fly out, F4 (Line Drive, 4, EV 71.2 MPH)
Bottom of the 4th over - 0 runs, 0 hits, 0 errors, 0 left on base; Tijuana 0 - Madison 3
TOP OF THE 5TH
Tijuana Toros batting - Pitching for Madison Brewers : LHP Jon Ortiz
Batting: LHB Pedro Garza 0-0: Called Strike
0-1: Foul Ball, location: 2F
0-2: Foul Ball, location: 2F
0-2: Foul Ball, location: 2F
0-2: Fly out, F9 (Flyball, 9LM, EV 88.8 MPH)
Batting: RHB Kekoa Kahele 0-0: Ball
1-0: Ball
2-0: Foul Ball, location: 2F
2-1: Ball
3-1: Ground out 6-3 (Groundball, 6, EV 82.5 MPH)
Batting: RHB Tommy Hunter 0-0: Swinging Strike
0-1: Ball
1-1: Ball
2-1: Fly out, F8 (Flyball, 8RM, EV 90.6 MPH)
Top of the 5th over - 0 runs, 0 hits, 0 errors, 0 left on base; Tijuana 0 - Madison 3
BOTTOM OF THE 5TH
Madison Brewers batting - Pitching for Tijuana Toros : LHP Adrian Huerta
Batting: RHB Malcolm McCauley 0-0: Called Strike
0-1: Ball
1-1: Fly out, F7 (Line Drive, 78M, EV 93.8 MPH)
Batting: LHB Tony Hasbun 0-0: Called Strike
0-1: Ball
1-1: Called Strike
1-2: Strikes out swinging
Batting: RHB Mohammed bin Ubaida 0-0: Ball
1-0: Called Strike
1-1: Ball
2-1: Foul Ball, location: 2F
2-2: Ball
3-2: Strikes out swinging
Bottom of the 5th over - 0 runs, 0 hits, 0 errors, 0 left on base; Tijuana 0 - Madison 3
TOP OF THE 6TH
Tijuana Toros batting - Pitching for Madison Brewers : LHP Jon Ortiz
Pitching: RHP Troy Morin
Batting: RHB Theo Schepers 0-0: Ball
1-0: Foul Ball, location: 2F
1-1: Ground out 6-3 (Groundball, 6, EV 79.4 MPH)
Batting: SHB Josh Vaill 0-0: Called Strike
0-1: Ball
1-1: Foul Ball, location: 2F
1-2: Fly out, F8 (Line Drive, 78D, EV 90.0 MPH)
Batting: RHB Juan Gallegos 0-0: Ball
1-0: DOUBLE (Flyball, 7LD, EV 112.5 MPH)
Batting: LHB Fernão Manta 0-0: Foul Ball, location: 2F
0-1: Swinging Strike
0-2: Foul Ball, location: 2F
0-2: Hit by Pitch
Batting: RHB Roberto Sotelo 0-0: Swinging Strike
0-1: Ball
1-1: Ball
2-1: Foul Ball, location: 2F
2-2: Strikes out swinging
Top of the 6th over - 0 runs, 1 hit, 0 errors, 2 left on base; Tijuana 0 - Madison 3
BOTTOM OF THE 6TH
Madison Brewers batting - Pitching for Tijuana Toros : LHP Adrian Huerta
Batting: LHB Alex Chairez 0-0: Ball
1-0: SOLO HOME RUN (Flyball, 9LD, EV 93.1 MPH), Distance : 346 ft
Pitching: RHP Jeff Lewis
Batting: LHB Greg Reedy 0-0: Ball
1-0: Fly out, F8 (Flyball, 8RM, EV 91.2 MPH)
Batting: RHB Eli Valles 0-0: Called Strike
0-1: Swinging Strike
0-2: Ball
1-2: Ball
2-2: Foul Ball, location: 2F
2-2: Strikes out looking
Batting: RHB Xiao-shuang Au 0-0: Ball
1-0: Swinging Strike
1-1: Ball
2-1: Ground out 6-3 (Groundball, 6, EV 105.0 MPH)
Bottom of the 6th over - 1 run, 1 hit, 0 errors, 0 left on base; Tijuana 0 - Madison 4
TOP OF THE 7TH
Tijuana Toros batting - Pitching for Madison Brewers : RHP Troy Morin
Batting: LHB Jim Jardine 0-0: Ground out 4-3 (Groundball, 4, EV 88.1 MPH)
Batting: LHB Pedro Garza 0-0: Ground out 4-3 (Groundball, 4, EV 82.5 MPH)
Pinch Hitting: LHB Bobby Gambrell 0-0: Foul Ball, location: 2F
0-1: Ball
1-1: Ball
2-1: Called Strike
2-2: Ground out 4-3 (Groundball, 13, EV 88.1 MPH)
Top of the 7th over - 0 runs, 0 hits, 0 errors, 0 left on base; Tijuana 0 - Madison 4
BOTTOM OF THE 7TH
Madison Brewers batting - Pitching for Tijuana Toros : RHP Jeff Lewis
Now in CF: Alex Noval
Batting: LHB Dusty Bryant 0-0: Foul Ball, location: 2F
0-1: Ball
1-1: Ball
2-1: Swinging Strike
2-2: Strikes out swinging
Batting: RHB Lorenzo Diaz 0-0: Ball
1-0: Foul Ball, location: 2F
1-1: SINGLE (Flyball, 89S, EV 88.1 MPH)
Batting: RHB Malcolm McCauley 0-0: Ball
Lorenzo Diaz steals 2nd base (no throw)
1-0: Swinging Strike
1-1: Ground out 6-3 (Groundball, 6M, EV 82.5 MPH)
Lorenzo Diaz to third
Pitching: RHP Balinda Msrah
Batting: LHB Tony Hasbun 0-0: Called Strike
0-1: Called Strike
0-2: Ball
1-2: Ball
2-2: Ball
3-2: Strikes out swinging
Bottom of the 7th over - 0 runs, 1 hit, 0 errors, 1 left on base; Tijuana 0 - Madison 4
TOP OF THE 8TH
Tijuana Toros batting - Pitching for Madison Brewers : RHP Troy Morin
Batting: RHB Tommy Hunter 0-0: Ball
1-0: Fly out, F7 (Flyball, 78M, EV 91.2 MPH)
Batting: RHB Theo Schepers 0-0: Fly out, F4 (Flyball, 34D, EV 90.0 MPH)
Batting: SHB Josh Vaill 0-0: Called Strike
0-1: Ball
1-1: Foul Ball, location: 2F
1-2: Ball
2-2: Ground out 4-3 (Groundball, 4, EV 84.4 MPH)
Top of the 8th over - 0 runs, 0 hits, 0 errors, 0 left on base; Tijuana 0 - Madison 4
BOTTOM OF THE 8TH
Madison Brewers batting - Pitching for Tijuana Toros : RHP Balinda Msrah
Batting: RHB Mohammed bin Ubaida 0-0: Ground out 6-3 (Groundball, 6, EV 84.4 MPH)
Batting: LHB Alex Chairez 0-0: DOUBLE (Line Drive, 78D, EV 103.8 MPH)
Batting: LHB Greg Reedy 0-0: Intentional Walk
Batting: RHB Eli Valles 0-0: Called Strike
Alex Chairez steals 3rd base
Greg Reedy to second
0-1: Ball
1-1: Intentional Walk
Batting: RHB Xiao-shuang Au 0-0: Fly out, F7 (Line Drive, 7D, EV 88.1 MPH)
Runner from 3rd tags up, SCORES, throw by LF
Batting: LHB Dusty Bryant 0-0: Foul Ball, location: 2F
0-1: Ball
1-1: Swinging Strike
1-2: Strikes out swinging
Bottom of the 8th over - 1 run, 1 hit, 0 errors, 2 left on base; Tijuana 0 - Madison 5
TOP OF THE 9TH
Tijuana Toros batting - Pitching for Madison Brewers : RHP Troy Morin
Batting: RHB Juan Gallegos 0-0: SOLO HOME RUN (Flyball, 9LD, EV 93.8 MPH), Distance : 356 ft
Batting: LHB Fernão Manta 0-0: Called Strike
0-1: Hit by Pitch
Pinch Hitting: LHB Chris Buchan 0-0: Fly out, F9 (Line Drive, 9S, EV 99.4 MPH)
Batting: LHB Jim Jardine 0-0: Ball
1-0: Foul Ball, location: 2F
1-1: Foul Ball, location: 2F
1-2: Ball
2-2: Foul Ball, location: 2F
2-2: Hit by Pitch
Fernão Manta to second
Batting: RHB Justin Curran 0-0: Ball
1-0: Foul Ball, location: 2F
1-1: Called Strike
1-2: Foul Ball, location: 2F
1-2: Strikes out swinging
Pinch Hitting: RHB Chad Rojas 0-0: Called Strike
0-1: Ball
1-1: Hit by Pitch
Fernão Manta to third
Jim Jardine to second
Batting: RHB Tommy Hunter 0-0: Ball
1-0: Swinging Strike
1-1: Called Strike
1-2: Foul Ball, location: 2F
1-2: Fly out, F6 (Popup, 4MS, EV 76.9 MPH)
Top of the 9th over - 1 run, 1 hit, 0 errors, 3 left on base; Tijuana 1 - Madison 5
Tuesday, September 13th , 2022 - OOTP Baseball 23.7 Build 88